 Dungeon Crawl Stone Soup version 0.26.1-11-gd32895ea62 (webtiles) character file.

Game seed: 14011526605283053513

22 H0rd4k the Insei (level 2, 0/18 HPs)
             Began as an Octopode Transmuter on June 28, 2021.
             Hit by a stone thrown by a hobgoblin (3 damage)
             ... on level 2 of the Dungeon.
             The game lasted 00:00:34 (1215 turns).

H0rd4k the Insei (Octopode Transmuter)              Turns: 1215, Time: 00:00:35

Health: 0/18       AC:  1    Str:  9    XL:     2   Next: 91%
Magic:  5/5        EV: 13    Int: 15    God:
Gold:   43         SH:  0    Dex: 12    Spells: 4/5 levels left

rFire    . . .     SeeInvis .     - Unarmed
rCold    . . .     Faith    .   (no shield)
rNeg     . . .     Spirit   .   (helmet restricted)
rPois    .         Reflect  .   (no amulet)
rElec    .         Harm     .   (no ring)
rCorr    .         Rampage  .   (no ring)
Will     .....                  (no ring)
Stlth    ++........             (no ring)
HPRegen  0.06/turn              (no ring)
MPRegen  0.09/turn              (no ring)
                                (no ring)
                                (no ring)

@: lethally poisoned (0 -> -4)
A: almost no armour, stealthy swim, amphibious, 8 rings, constrict 8, camouflage
1, gelatinous body 1
a: no special abilities


You were on level 2 of the Dungeon.
You visited 1 branch of the dungeon, and saw 2 of its levels.

You collected 43 gold pieces.

Inventory:

Scrolls
 a - a scroll of magic mapping {unknown}
 b - 2 scrolls of identify {unknown}
 c - 2 scrolls of fear {unknown}
 d - a scroll of noise {unknown}
 e - a scroll of teleportation {unknown}


   Skills:
 + Level 1.0 Fighting
 + Level 2.5 Dodging
 + Level 0.3 Stealth
 + Level 3.5 Unarmed Combat
 + Level 2.1 Spellcasting
 + Level 2.0 Transmutations


You had 4 spell levels left.
You knew the following spells:

 Your Spells              Type           Power        Failure   Level
a - Beastly Appendage     Tmut           14%          10%         1

Your spell library contained the following spells:

 Spells                   Type           Power        Failure   Level
 Wereblood                Tmut           7%           14%         2
 Spider Form              Tmut/Pois      2%           41%         3
 Ice Form                 Ice/Tmut       4%           82%         4
 Blade Hands              Tmut           3%           95%         5


Dungeon Overview and Level Annotations

Branches:
Dungeon (2/15)

Altars:


Innate Abilities, Weirdness & Mutations

You cannot wear most types of armour.
You are very stealthy in the water. (Stealth+)
You are amphibious.
You can wear up to eight rings at the same time.
You can use your tentacles to constrict eight enemies at once.
Your skin changes colour to match your surroundings (Stealth+).
Your rubbery body absorbs attacks. (AC +1, EV +1)


Message History

You feel sick. The adder bites you.
A hobgoblin comes into view. It is wielding a +0 club.
You completely miss the adder.
The hobgoblin shouts!
You grab the adder.
The adder is heavily wounded.
You constrict the adder, but do no damage.
The adder bites you.
The hobgoblin throws a stone.
The stone closely misses you. The adder closely misses you.
You tentacle-slap the adder.
The adder is almost dead.
You constrict the adder.
* * * LOW HITPOINT WARNING * * *
You feel sick.
The hobgoblin throws a stone.
The stone misses you. The adder bites you.
* * * LOW HITPOINT WARNING * * *
You tentacle-slap the adder.
You kill the adder!
The hobgoblin throws a stone.
The stone hits you.
You die...

# #.# #..#. #..#
#.#..###..#. #..# #
........'.
##..####.##.#....#. ##
... ............## ..
... ............#
####.##.#####.###.....#
g.....................#
#.##.##@#####.###.....#
......................##
#.##.##.#####.####......
#......# #....##
##.##.##.### #.####....#
.........# #.........#
#####.#.## ######....# #
#.# #...># #.# ##..##


You could see a hobgoblin.

Vanquished Creatures
  An adder (D:2)
  5 bats (D:1)
  5 giant cockroaches
  A goblin (D:1)
  5 hobgoblins (D:1)
  A ball python (D:2)
  2 rats (D:1)
20 creatures vanquished.

Notes
Turn   | Place    | Note
-------+----------+-------------------------------------------
     0 | D:1      | H0rd4k the Octopode Transmuter began the quest for the Orb.
     0 | D:1      | Reached XP level 1. HP: 13/13 MP: 3/3
   140 | D:1      | Reached XP level 2. HP: 13/18 MP: 5/5
  1215 | D:2      | Hit by a stone thrown by a hobgoblin

Illustrated notes

Levels and vault maps discovered:
D:1:      wander_arrival_desolate, layout_rooms
D:2:      layout_basic, uniq_crazy_yiuf_cottage

Action                   || total
-------------------------++-------
Melee: Unarmed           ||    69
       Constrict         ||    13
       Tentacles         ||     7
 Stab: Sleeping          ||     5
Armor: Skin              ||    13
Dodge: Dodged            ||    53
